 Dungeon Crawl Stone Soup version 0.31-a0-355-g57cb03d3e8 (webtiles) character file.

Game seed: 16609905642201081252

167 Dordric the Shooter (level 5, -3/30 HPs)
             Began as a Tengu Hunter on July 24, 2023.
             Slain by Grinder (4 damage)
             ... in a sewer.
             The game lasted 00:02:16 (1523 turns).

Dordric the Shooter (Tengu Hunter)                  Turns: 1523, Time: 00:02:17

Health: -3/30      AC:  6    Str: 11    XL:     5   Next: 48%
Magic:  6/6        EV: 14    Int: 10    God:
Gold:   88         SH:  0    Dex: 19    Spells: 4/4 levels left

rFire   . . .        p - +2 sling (drain)
rCold   . . .        (no shield)
rNeg    . . .        q - +3 leather armour of the Sun {rElec}
rPois   .            (helmet restricted)
rElec   +            (no cloak)
rCorr   .            (no gloves)
SInv    .            (boots unavailable)
Will    .....        (no amulet)
Stlth   ++           (no ring)
HPRegen 0.25/turn    (no ring)
MPRegen 0.10/turn

%: no passive effects
@: flying quickly and evasively, hasted, very quick
A: beak, talons 3, nimble flight
a: no special abilities


You were in a sewer.
You visited 1 branch of the dungeon, and saw 3 of its levels.
You also visited: Sewer.

You collected 88 gold pieces.

Inventory:

Hand Weapons
 a - a +0 shortbow
 p - a +2 sling of draining (weapon)
Armour
 c - a +0 leather armour
 q - the +3 leather armour of the Sun (worn) {rElec}
   (You found it on level 2 of the Dungeon)

   rElec:     It insulates you from electricity.
Talismans
 m - a maw talisman
Scrolls
 b - 2 scrolls of butterflies
 f - 2 scrolls of teleportation
 n - a scroll of poison
 o - a scroll of amnesia
 r - a scroll of blinking {unknown}
 s - a scroll of fog {unknown}
 t - a scroll of enchant armour {unknown}
Potions
 d - a potion of magic {unknown}
 g - a potion of degeneration {unknown}
 i - a potion of mutation {unknown}
 j - a potion of heal wounds {unknown}
 k - a potion of ambrosia {unknown}
 l - 2 potions of haste


   Skills:
 - Level 2.0 Fighting
 + Level 7.2 Ranged Weapons
 - Level 2.1 Dodging
 - Level 1.0 Stealth


You had 4 spell levels left.
You didn't know any spells.
Your spell library was empty.

Dungeon Overview and Level Annotations

Branches:
Dungeon (3/15)              Sewer (1/1)

Altars:
Dithmenos

Annotations:
Sewer Grinder


Innate Abilities, Weirdness & Mutations

You have a beak for a mouth.
You have claws for feet.
Your magical nature lets you fly swiftly and evasively.


Message History

You shoot a sling bullet. The sling bullet hits Grinder.
Grinder is severely wounded.
Grinder gestures at you. Pain shoots through your body!
Fire: p) +2 sling (drain)
Press: ? - help, Q - select action Shift-Dir - straight line, f/p - Grinder
Aim: Grinder (severely wounded, 62% to hit)
You shoot a sling bullet. The sling bullet hits Grinder.
Grinder is almost dead.
Unknown command.
Fire: p) +2 sling (drain)
Press: ? - help, Q - select action Shift-Dir - straight line, f/p - Grinder
Aim: Grinder (almost dead, 62% to hit)
You shoot a sling bullet. The sling bullet barely misses Grinder.
Grinder gestures at you. Pain shoots through your body!
* * * LOW HITPOINT WARNING * * *
It was a potion of haste.
You feel yourself speed up. Grinder gestures at you.
Pain shoots through your body!
* * * LOW HITPOINT WARNING * * *
Fire: p) +2 sling (drain)
Press: ? - help, Q - select action Shift-Dir - straight line, f/p - Grinder
Aim: Grinder (almost dead, 62% to hit)
You shoot a sling bullet. The sling bullet hits Grinder.
Grinder is almost dead.
Unknown command.
Fire: p) +2 sling (drain)
Press: ? - help, Q - select action Shift-Dir - straight line, f/p - Grinder
Aim: Grinder (almost dead, 62% to hit)
You shoot a sling bullet. The sling bullet hits Grinder.
Grinder is almost dead.
Unknown command.
Fire: p) +2 sling (drain)
Press: ? - help, Q - select action Shift-Dir - straight line, f/p - Grinder
Aim: Grinder (almost dead, 62% to hit)
You shoot a sling bullet. The sling bullet barely misses Grinder.
The kobold brigand throws a poisoned dart.
The poisoned dart misses you. Grinder hits you.
You die...

#.~≈≈≈≈≈≈≈≈≈≈≈≈≈≈≈≈
#.~≈≈≈≈≈≈≈≈≈≈≈≈≈≈≈≈
#.~≈≈≈≈≈≈≈≈≈≈≈≈≈≈.~ #
#..~≈≈≈≈≈≈≈≈≈≈≈≈≈.~ #≈
#...≈≈≈≈≈≈~≈≈≈≈≈≈~~ ##.
###.###≈##≈##≈####~
..#...#≈≈.....†.......#.~
§.).))K≈≈≈).............~
..#...#≈@5............#)~
##. ###.#~###≈≈#≈####..
#≈ ....≈~~≈≈≈≈≈≈≈ #.~ #
#..~≈≈≈≈≈≈≈≈≈≈≈≈#.≈
#.~≈≈≈≈≈≈≈≈≈≈≈≈≈#..
#.≈≈≈≈≈≈≈≈≈≈≈≈≈≈#.≈
#.~≈≈≈≈≈≈≈≈≈≈≈≈≈#.~
≈≈≈≈≈≈≈ #.~ ########.~


You could see Grinder and a kobold brigand (drained).

Vanquished Creatures
  2 quasits (Sewer)
  2 shadow imps (Sewer)
  6 ufetubi (Sewer)
  2 dart slugs (D:1)
  2 ball pythons
  6 bats
  3 endoplasms
  A giant cockroach (D:3)
  3 goblins
  A hobgoblin (D:1)
  4 jackals (D:1)
  15 kobolds
  6 quokkas (D:3)
  A frilled lizard (D:1)
  3 rats (D:1)
57 creatures vanquished.

Vanquished Creatures (others)
  2 endoplasms (Sewer)
2 creatures vanquished.

Grand Total: 59 creatures vanquished

Notes
Turn   | Place    | Note
-------+----------+-------------------------------------------
     0 | D:1      | Dordric the Tengu Hunter began the quest for the Orb.
     0 | D:1      | Reached XP level 1. HP: 12/12 MP: 2/2
   118 | D:1      | Reached XP level 2. HP: 17/17 MP: 3/3
   143 | D:1      | Reached skill level 5 in Ranged Weapons
   337 | D:1      | Reached XP level 3. HP: 21/21 MP: 4/4
   711 | D:2      | Found a shadowy altar of Dithmenos.
   892 | D:2      | Identified the +6 mace of Moderation {flame, *Corrode rElec
                  | Str+3}
  1003 | D:2      | Identified the +3 leather armour of the Sun {rElec}
  1344 | D:3      | Found a glowing drain.
  1359 | Sewer    | Entered a sewer
  1420 | Sewer    | Reached skill level 6 in Ranged Weapons
  1420 | Sewer    | Reached XP level 4. HP: 26/26 MP: 5/5
  1450 | Sewer    | Gained mutation: Your magical nature lets you fly swiftly
                  | and evasively. [Tengu growth]
  1450 | Sewer    | Reached XP level 5. HP: 30/30 MP: 6/6
  1497 | Sewer    | Reached skill level 7 in Ranged Weapons
  1497 | Sewer    | Noticed Grinder
  1501 | Sewer    | Noticed a kobold brigand
  1519 | Sewer    | HP: 1/30 [Grinder/nerve-wracking pain (9)]
  1523 | Sewer    | Slain by Grinder

Illustrated notes

Levels and vault maps discovered:
D:1:      zaba_arrival_water, layout_loops_ring, nrook_mini_backslash
D:2:      layout_loops_cross, basic_altar
D:3:      layout_basic, gup_sewer_entry_pipe, reono_crystal_passage,
          item_on_display_a
Sewer:    kennysheep_sewer_church

Skill      XL: |  1  2  3  4  5 |
---------------+----------------+-----
Ranged Weapons | 5 6 7 |  7.2
Fighting       | |  2.0
Dodging        | |  2.1
Stealth        | |  1.0

Action                     |  1- 3 |  4- 6 || total
---------------------------+-------+-------++-------
   Fire: Shortbow          |    61 |       ||    61
         Sling             |    33 |    80 ||   113
    Use: Scroll            |     5 |       ||     5
         Potion            |       |     1 ||     1
 Armour: Leather armour    |    11 |     9 ||    20
  Dodge: Dodged            |    23 |    25 ||    48

Table legend: (Time is in decaauts)
 A = Elapsed time spent in this place.
 B = Non-inter-level travel time spent in this place.
 C = Inter-level travel time spent in this place.
 D = Time resting spent in this place.
 E = Time spent auto-exploring this place.
 F = Levels seen in this place.
 G = Mean time per level.
                   A        B        C        D        E       F      G
               +--------+--------+--------+--------+--------+-----+--------+
         Total |   1559 |   1498 |     61 |      0 |   1146 |   4 |  389.8 |
       Dungeon |   1385 |   1324 |     61 |      0 |   1091 |   3 |  461.7 |
         Sewer |    174 |    174 |      0 |      0 |     55 |   1 |  174.0 |
               +--------+--------+--------+--------+--------+-----+--------+

Top non-repeatable levels by time:
     D:1: 728 daAuts
     D:2: 550 daAuts
   Sewer: 174 daAuts
     D:3: 106 daAuts
